 Dungeon Crawl Stone Soup version 0.29-a0-19-gef7f3e67aa (webtiles) character file.

Game seed: 5165016661805192779

88 Gargoyl the Skirmisher (level 4, -1/41 HPs)
             Began as a Gnoll Abyssal Knight on Jan 29, 2022.
             Was a Follower of Lugonu.
             Slain by a gnoll shaman (3 damage)
             ... on level 3 of the Dungeon.
             The game lasted 00:02:24 (2371 turns).

Gargoyl the Skirmisher (Gnoll Abyssal Knight)       Turns: 2371, Time: 00:02:25

Health: -1/41      AC:  7    Str: 14    XL:     4   Next: 53%
Magic:  7/7        EV:  6    Int:  9    God:    Lugonu [*.....]
Gold:   77         SH:  0    Dex: 13    Spells: 5/5 levels left

rFire   . . .      SeeInvis .   a - +1 hand axe
rCold   . . .      Faith    .   (no shield)
rNeg    . . .      Spirit   .   f - +0 ring mail
rPois   .          Reflect  +   i - +1 hat
rElec   .          Harm     .   (no cloak)
rCorr   .          Rampage  .   (no gloves)
Will    .....                   (no boots)
Stlth   +.........              d - amulet of reflection
HPRegen 0.13/turn               (no ring)
MPRegen 0.10/turn               (no ring)

@: held
A: fangs 1, strong nose, distributed training
a: Renounce Religion, Depart the Abyss


You were on level 3 of the Dungeon.
You worshipped Lugonu.
Lugonu was aware of your devotion.
You visited 1 branch of the dungeon, and saw 3 of its levels.
You visited the Abyss 1 time.

You collected 77 gold pieces.

Inventory:

Hand Weapons
 a - a +1 hand axe (weapon)
 j - a +0 war axe
Missiles
 b - 2 poisoned darts
 m - 4 curare-tipped darts (quivered)
Armour
 f - a +0 ring mail (worn)
 i - a +1 hat (worn)
Jewellery
 d - an amulet of reflection (around neck)
Scrolls
 c - a scroll of teleportation
 k - a scroll of holy word
Potions
 e - 2 potions of curing {unknown}
 g - a potion of flight {unknown}
 h - a potion of heal wounds {unknown}


   Skills:
 + Level 6.6 Fighting
 + Level 1.2 Short Blades
 + Level 1.2 Long Blades
 + Level 4.6 Axes
 + Level 1.2 Maces & Flails
 + Level 1.2 Polearms
 + Level 1.2 Staves
 + Level 1.2 Slings
 + Level 1.2 Bows
 + Level 1.2 Crossbows
 + Level 1.2 Throwing
 + Level 4.6 Armour
 + Level 2.8 Dodging
 + Level 1.2 Stealth
 + Level 1.2 Shields
 + Level 1.2 Unarmed Combat
 + Level 1.2 Spellcasting
 + Level 1.0 Conjurations
 + Level 1.0 Hexes
 + Level 1.0 Summonings
 + Level 1.0 Necromancy
 + Level 1.0 Translocations
 + Level 1.0 Transmutations
 + Level 1.0 Fire Magic
 + Level 1.0 Ice Magic
 + Level 1.0 Air Magic
 + Level 1.0 Earth Magic
 + Level 1.0 Poison Magic
 + Level 4.7 Invocations
 + Level 1.2 Evocations


You had 5 spell levels left.
You didn't know any spells.
Your spell library was empty.

Dungeon Overview and Level Annotations

Branches:
Dungeon (3/15)

Altars:


Innate Abilities, Weirdness & Mutations

You have very sharp teeth.
Your uncanny sense of smell can sniff out nearby items.
Your experience applies equally to all skills.


Message History

A gnoll is nearby!
A gnoll is nearby!
A gnoll comes into view. It is wielding a +0 flail.
The gnoll shouts!
You hit the gnoll.
The gnoll is lightly wounded.
The gnoll hits you with a +0 flail!
A gnoll shaman comes into view. It is wielding a +0 club.
The gnoll shaman shouts!
You hit the gnoll. You bite the gnoll.
The gnoll is heavily wounded.
You hear a shout!
The gnoll barely misses you.
A gnoll comes into view. It is wielding a +0 whip.
A gnoll comes into view. It is wielding a +0 halberd.
The gnoll shouts!
The gnoll barely misses you.
Unknown command.
You hit the gnoll.
The gnoll is moderately wounded.
You hit the gnoll but do no damage. The gnoll hits you with a +0 flail.
The gnoll closely misses you.
You hit the gnoll. You punch the gnoll, but do no damage.
The gnoll is severely wounded.
You hit the gnoll. You block the gnoll's attack. The gnoll barely misses you.
Unknown command.
The gnoll barely misses you. The gnoll closely misses you.
The gnoll throws a throwing net.
The throwing net hits you.
You become entangled in the net!
You see here a throwing net.
You struggle against the net.
The gnoll closely misses you.
The gnoll shaman hits you with a +0 club.
The gnoll barely misses you.
Unknown command.
You struggle against the net.
The gnoll hits you with a +0 flail!
* * * LOW HITPOINT WARNING * * *
The gnoll hits you with a +0 flail!
* * * LOW HITPOINT WARNING * * *
The gnoll shaman hits you with a +0 club.
You die...

.....†)##.......# ..
.......†........# ...
#......#........# ....
................##+###....
......#.#'##..............
#..........#.>†...........
..........................
#......#.........g........
#......#........@gg.......
#......#......<.g.g.#.....
#......##...........#.....
................#...#.....
................#.........
..........................
................†........
##.........††###.........
#.....#.......+.......##


You could see a gnoll shaman and 4 gnolls.

Vanquished Creatures
  A gnoll (D:3)
  4 adders
  A worm (D:3)
  6 endoplasms
  4 giant cockroaches
  2 goblins
  4 hobgoblins
  2 jackals (D:3)
  2 quokkas
  2 ball pythons
  2 bats (D:3)
  2 frilled lizards (D:1)
  2 kobolds
  5 rats
39 creatures vanquished.

Notes
Turn   | Place    | Note
-------+----------+-------------------------------------------
     0 | Abyss:1  | Gargoyl the Gnoll Abyssal Knight began the quest for the
                  | Orb.
     0 | Abyss:1  | Reached XP level 1. HP: 23/23 MP: 3/3
    21 | Abyss:2  | Noticed a thrashing horror
    24 | Abyss:2  | Noticed an ancient zyme
    40 | D:1      | Escaped the Abyss
   569 | D:1      | Reached XP level 2. HP: 24/29 MP: 5/5
   777 | D:1      | Reached * piety under Lugonu
   954 | D:1      | Found a faded altar of an unknown god.
  1350 | D:2      | Reached XP level 3. HP: 32/35 MP: 6/6
  1619 | D:2      | Reached skill level 1 in Short Blades
  1619 | D:2      | Reached skill level 1 in Long Blades
  1619 | D:2      | Reached skill level 1 in Maces & Flails
  1619 | D:2      | Reached skill level 1 in Polearms
  1619 | D:2      | Reached skill level 1 in Staves
  1619 | D:2      | Reached skill level 1 in Slings
  1619 | D:2      | Reached skill level 1 in Bows
  1619 | D:2      | Reached skill level 1 in Crossbows
  1619 | D:2      | Reached skill level 1 in Throwing
  1619 | D:2      | Reached skill level 1 in Stealth
  1619 | D:2      | Reached skill level 1 in Shields
  1619 | D:2      | Reached skill level 1 in Unarmed Combat
  1619 | D:2      | Reached skill level 1 in Spellcasting
  1619 | D:2      | Reached skill level 1 in Evocations
  2198 | D:3      | Reached XP level 4. HP: 36/41 MP: 7/7
  2312 | D:3      | Reached skill level 1 in Conjurations
  2312 | D:3      | Reached skill level 1 in Hexes
  2312 | D:3      | Reached skill level 1 in Summonings
  2312 | D:3      | Reached skill level 1 in Necromancy
  2312 | D:3      | Reached skill level 1 in Translocations
  2312 | D:3      | Reached skill level 1 in Transmutations
  2312 | D:3      | Reached skill level 1 in Fire Magic
  2312 | D:3      | Reached skill level 1 in Ice Magic
  2312 | D:3      | Reached skill level 1 in Air Magic
  2312 | D:3      | Reached skill level 1 in Earth Magic
  2312 | D:3      | Reached skill level 1 in Poison Magic
  2371 | D:3      | HP: 2/41 [gnoll (7)]
  2371 | D:3      | Slain by a gnoll shaman

Illustrated notes

Levels and vault maps discovered:
D:1:      roderic_octagonal_star, layout_basic,
          hellmonk_ecumenical_altar_prayer_group, minmay_misc_feat_iff,
          nicolae_figureground_sparkle
D:2:      layout_basic
D:3:      lemuel_castle_with_subvaults [lemuel_castle_interior_carwin_3],
          layout_basic, worldfamousw_hep_ancestral_shrine

Skill      XL: |  1  2  3  4 |
---------------+-------------+-----
Short Blades   | 1 |  1.2
Long Blades    | 1 |  1.2
Maces & Flails | 1 |  1.2
Polearms       | 1 |  1.2
Staves         | 1 |  1.2
Slings         | 1 |  1.2
Bows           | 1 |  1.2
Crossbows      | 1 |  1.2
Throwing       | 1 |  1.2
Stealth        | 1 |  1.2
Shields        | 1 |  1.2
Unarmed Combat | 1 |  1.2
Spellcasting   | 1 |  1.2
Evocations     | 1 |  1.2
Conjurations   | 1 |  1.0
Hexes          | 1 |  1.0
Summonings     | 1 |  1.0
Necromancy     | 1 |  1.0
Translocations | 1 |  1.0
Transmutations | 1 |  1.0
Fire Magic     | 1 |  1.0
Ice Magic      | 1 |  1.0
Air Magic      | 1 |  1.0
Earth Magic    | 1 |  1.0
Poison Magic   | 1 |  1.0
Fighting       | |  6.6
Axes           | |  4.6
Armour         | |  4.6
Dodging        | |  2.8
Invocations    | |  4.7

Action                   |  1- 3 |  4- 6 || total
-------------------------+-------+-------++-------
Melee: Hand axe          |    84 |    42 ||   126
       Bite              |    11 |     4 ||    15
       Punch             |       |     1 ||     1
Throw: Dart              |     2 |       ||     2
Invok: Depart the Abyss  |     1 |       ||     1
  Use: Scroll            |     4 |       ||     4
Armor: Leather armour    |     6 |       ||     6
       Ring mail         |    22 |    15 ||    37
Dodge: Dodged            |    43 |    30 ||    73
Block: Other             |     1 |    12 ||    13

Table legend: (Time is in decaauts)
 A = Elapsed time spent in this place.
 B = Non-inter-level travel time spent in this place.
 C = Inter-level travel time spent in this place.
 D = Time resting spent in this place.
 E = Time spent auto-exploring this place.
 F = Levels seen in this place.
 G = Mean time per level.
                   A        B        C        D        E       F      G
               +--------+--------+--------+--------+--------+-----+--------+
         Total |   2379 |   2300 |     79 |      0 |   1827 |   5 |  475.8 |
       Dungeon |   2339 |   2260 |     79 |      0 |   1809 |   3 |  779.7 |
         Abyss |     39 |     39 |      0 |      0 |     18 |   2 |   19.5 |
               +--------+--------+--------+--------+--------+-----+--------+

Top non-repeatable levels by time:
     D:1: 1149 daAuts
     D:2: 1007 daAuts
     D:3: 182 daAuts
 Abyss:2: 37 daAuts
 Abyss:1: 2 daAuts
